General information
			
			
        
        - name: BNet
 
        - type: Ladder 1vs1/FFA
 
        - host: Battle.net
 
        - saver: kunt.roII
 
        
map: TurtleRock 
        - players: 2
 
        - length: 07:55
 
        - speed: Fast
 - version: 1.22 W3XP
 - replay type:  Public
 
» download(33 KB)
Players
        team 1 (winner) 
              
              
kunt.roII (
pink | 140 APM | 1112 actions | 07:55)
              
 3 Death Knight 
 2 Death Coil
 1 Unholy Aura
 
                » actions 
                
                | Assign group hotkey | 55 |  | 
| Basic commands | 4 |  | 
| Build / train | 33 |  | 
| ESC pressed | 1 |  | 
| Enter build submenu | 10 |  | 
| Enter hero's abilities submenu | 3 |  | 
| Give item / drop item | 1 |  | 
| Right click | 619 |  | 
| Select / deselect | 170 |  | 
| Select group hotkey | 179 |  | 
| Use ability | 37 |  | 
                1112 total
 » units 
                » buildings
                
                | Crypt | 3 |  | 
| Altar of Darkness | 1 |  | 
| Ziggurat | 3 |  | 
| Tomb of Relics | 1 |  | 
| Halls of the Dead | 4 |  | 
| Graveyard | 1 |  | 
                13 total
 » build order
                00:09 Crypt
00:11 Altar of Darkness
00:27 Ziggurat
01:07 Tomb of Relics
01:45 Ziggurat
02:22 Crypt
02:23 Crypt
05:08 Ziggurat
05:38 Halls of the Dead
05:38 Halls of the Dead
07:06 Graveyard
» items
                
                | Rod of Necromancy | 3 |  | 
| Dust of Appearance | 3 |  | 
                6 total
  
               team 2 (loser) 
              
              
debilsi (
purple | 121 APM | 954 actions | 07:54)
              
 2 Demon Hunter 
 1 Mana Burn
 1 Immolation
 
                » actions 
                
                | Assign group hotkey | 9 |  | 
| Basic commands | 40 |  | 
| Build / train | 28 |  | 
| ESC pressed | 2 |  | 
| Enter build submenu | 14 |  | 
| Enter hero's abilities submenu | 2 |  | 
| Right click | 441 |  | 
| Select / deselect | 173 |  | 
| Select group hotkey | 172 |  | 
| Use ability | 73 |  | 
                954 total
 » units 
                » buildings
                
                | Altar of Elders | 1 |  | 
| Moon Well | 8 |  | 
| Ancient of War | 2 |  | 
| Ancient of Wonders | 1 |  | 
                12 total
 » build order
                00:07 Altar of Elders
00:23 Moon Well
01:31 Ancient of War
01:36 Moon Well
02:13 Moon Well
02:46 Ancient of War
03:10 Moon Well
04:46 Moon Well
05:21 Moon Well
05:36 Moon Well
06:16 Moon Well
06:33 Ancient of Wonders
 
                Chat log
          (00:13 / All) kunt.roII: Gl n hF
(01:01 / All) kunt.roII: my house is rEALLY COLD RIGHT NOW
(02:32 / All) debilsi: lol
(04:02 / All) debilsi: u suck lucky noob
(04:05 / All) kunt.roII: lol?
(04:09 / All) debilsi: u uskc
(04:11 / All) kunt.roII: k
(04:31 / All) debilsi: look at u noob
(04:36 / All) kunt.roII: k
(05:26 / All) kunt.roII: brb gotta buy dust
(05:30 / All) debilsi: kk
(05:32 / All) debilsi: u suck
(05:36 / All) kunt.roII: kk
(05:40 / All) debilsi: worst rush i ewer seen
(05:44 / All) kunt.roII: kk
(05:46 / All) debilsi: honestly
(05:50 / All) kunt.roII: kk
(05:55 / All) debilsi: 1 archer pwn u 
(05:57 / All) kunt.roII: kk
(06:36 / All) debilsi: lol
(07:11 / All) debilsi: u suck so bad lol
(07:13 / All) debilsi: some micro noob ?
(07:15 / All) kunt.roII: kk
(07:22 / All) debilsi: u new in this game ?
(07:25 / All) kunt.roII: ya
(07:27 / All) kunt.roII: u lose to new player
(07:28 / All) kunt.roII: gj
(07:30 / All) debilsi: oh i see
(07:37 / All) debilsi: lol u funny
(07:42 / All) debilsi: christmas ?
(07:44 / All) debilsi: :P
(07:49 / All) debilsi: first game u win with ud ? :P
(07:50 / All) debilsi: lol
(07:52 / All) kunt.roII: aye
(07:54 / All) debilsi: get  clue